 Dungeon Crawl Stone Soup version 0.30-a0-1018-g25214051b3 (webtiles) character file.

Game seed: 10096465645944650212

4 Zeldest the Chopper (level 1, 0/16 HPs)
             Began as a Human Reaver on Apr 7, 2023.
             Succumbed to a goblin's poison
             ... on level 1 of the Dungeon.
             The game lasted 00:00:27 (121 turns).

Zeldest the Chopper (Human Reaver)                   Turns: 121, Time: 00:00:27

Health: 0/16       AC:  3    Str: 12    XL:     1   Next: 77%
Magic:  3/3        EV: 11    Int: 13    God:
Gold:   38         SH:  0    Dex: 11    Spells: 3/4 levels left

rFire   . . .      SeeInvis .    a - +0 hand axe
rCold   . . .      Faith    .    (no shield)
rNeg    . . .      Spirit   .    b - +0 leather armour
rPois   .          Reflect  .    (no helmet)
rElec   .          Rampage  .    (no cloak)
rCorr   .                        (no gloves)
Will    .....                    (no boots)
Stlth   +                        (no amulet)
HPRegen 0.22/turn                (no ring)
MPRegen 0.08/turn                (no ring)

@: lethally poisoned (0 -> -5), flying
A: no striking features
a: no special abilities


You were on level 1 of the Dungeon.
You visited 1 branch of the dungeon, and saw 1 of its levels.

You collected 38 gold pieces.

Inventory:

Hand Weapons
 a - a +0 hand axe (weapon)
Armour
 b - a +0 leather armour (worn)


   Skills:
 + Level 2.1 Fighting
 + Level 3.1 Axes
 - Level 2.0 Dodging
 - Level 2.0 Spellcasting
 + Level 3.1 Conjurations


You had 3 spell levels left.
You knew the following spells:

 Your Spells              Type           Power      Damage    Failure   Level
a - Kiss of Death         Conj/Necr      20%        2d7       17%         1

Your spell library contained the following spells:

 Spells                   Type           Power      Damage    Failure   Level
 Momentum Strike          Conj/Tloc      10%        3d8       26%         2
 Hailstorm                Conj/Ice       5%         3d4       45%         3


Dungeon Overview and Level Annotations

Branches:
Dungeon (1/15) Zot: 5874

Altars:


Message History

There are monsters nearby!
You hit the kobold but do no damage. The kobold barely misses you.
You hit the goblin.
The goblin is heavily wounded.
You closely miss the kobold. The goblin hits you but does no damage.
You are poisoned.
The kobold hits you but does no damage.
You barely miss the goblin.
The goblin is moderately wounded.
You hit the kobold.
You kill the kobold!
You feel very sick.
The goblin hits you with a +2 dagger of venom.
You are too injured to fight recklessly!
You are too injured to fight recklessly!
You are too injured to fight recklessly!
You are too injured to fight recklessly!
You closely miss the goblin.
The goblin is moderately wounded.
You feel sick.
The goblin hits you with a +2 dagger of venom.
You are lethally poisoned!
The goblin completely misses you.
You hit the goblin.
The goblin is severely wounded.
You feel very sick. The goblin barely misses you.
You barely miss the goblin.
The goblin is severely wounded.
* * * LOW HITPOINT WARNING * * *
You feel very sick. The goblin closely misses you.
You hit the goblin.
You kill the goblin!
* * * LOW HITPOINT WARNING * * *
You feel sick.
It was a potion of flight.
You feel very buoyant.
You fly up into the air.
You die...

...........##.#
#.........#.##.#
#.........#.##.####
#......8.........#
#..)..........##..#
##........$.....##.#
#................#.##
....................#
......)@............#
......).............#
.......####.........#
......# ##.......##
...... #......8#
...... #.......#
......# ##.......#
#........####........#
.....................#


There were no monsters in sight!

Vanquished Creatures
  A giant cockroach (D:1)
  A goblin (D:1)
  A bat (D:1)
  A kobold (D:1)
  A rat (D:1)
5 creatures vanquished.

Notes
Turn   | Place    | Note
-------+----------+-------------------------------------------
     0 | D:1      | Zeldest the Human Reaver began the quest for the Orb.
     0 | D:1      | Reached XP level 1. HP: 16/16 MP: 3/3
   121 | D:1      | Succumbed to a goblin's poison

Illustrated notes

Levels and vault maps discovered:
D:1:      eino_arrival_cavern_c, layout_basic,
          hellmonk_ecumenical_altar_inner_sanctum, minmay_misc_feat_enclosed,
          kennysheep_decorative_pillar

Action                     || total
---------------------------++-------
  Melee: Hand axe          ||    28
    Use: Potion            ||     1
 Armour: Leather armour    ||     6
  Dodge: Dodged            ||    18

Table legend: (Time is in decaauts)
 A = Elapsed time spent in this place.
 B = Non-inter-level travel time spent in this place.
 C = Inter-level travel time spent in this place.
 D = Time resting spent in this place.
 E = Time spent auto-exploring this place.
 F = Levels seen in this place.
 G = Mean time per level.
                   A        B        C        D        E       F      G
               +--------+--------+--------+--------+--------+-----+--------+
         Total |    125 |    125 |      0 |     18 |     59 |   1 |  125.0 |
       Dungeon |    125 |    125 |      0 |     18 |     59 |   1 |  125.0 |
               +--------+--------+--------+--------+--------+-----+--------+

Top non-repeatable levels by time:
     D:1: 125 daAuts
